 Dungeon Crawl Stone Soup version 0.01-2115-ge649c80b0b (webtiles) character file.

Game seed: 1492278505844733170, levelgen mode: deterministic

65 Lanoc the Skirmisher (level 3, -2/36 HPs) Immature Draconian Demigod. Began on June 5, 2020. Slain by an unseen horror (10 damage) ... on level 2 of the Dungeon. The game lasted 00:02:51 (601 turns).

Lanoc the Skirmisher (Immature Draconian Demigod)    Turns: 601, Time: 00:02:51

Health: -2/36      AC:  7    Str: 17    XL:     3 ^: 4
Magic:  16/16      EV: 13    Int: 15    God:
Gold:   49         SH:  0    Dex: 15    Spells: 6/7 levels left

rFire    . . .     Vision   .   b - +0 hunting sling (freeze)
rCold    . . .     Gourm    .   (no weapon)
rNeg     . . .     Faith    .   (armour unavailable)
rPois    .         Spirit   .   (helmet restricted)
rElec    .         Reflect  .   g - +0 cloak
rCorr    .         Harm     .   (no gloves)
MR       .....                  (no boots)
Stlth    ++........             (no amulet)
HPRegen  0.22/turn              e - ring of magical power
MPRegen  0.26/turn              (no ring)

@: no status effects
A: no body armour, unfitting armour, high mp 1, cold-blooded, AC +6
a: Breathe Dart


You were on level 2 of the Dungeon.
You were not hungry.

You visited 1 branch of the dungeon, and saw 2 of its levels.

You collected 49 gold pieces.

Inventory:

Weapons
 a - a +0 long sword
 b - a +0 hunting sling of freezing (weapon)
Armour
 g - a +0 cloak (worn)
Jewellery
 e - a ring of magical power (left hand)
Potions
 d - 2 potions of curing
Comestibles
 c - 6 rations


   Skills:
 + Level 3.8 Fighting
 - Level 1.5 Long Blades
 + Level 3.2 Dodging
 - Level 1.3 Stealth
 - Level 2.6 Spellcasting


You had 6 spell levels left.
You knew the following spells:

 Your Spells              Type           Power        Failure   Level  Hunger
a - Flame Tongue          Fire           2 (40)       21%         1    #......

Your spell library contained the following spells:

 Spells                   Type           Power        Failure   Level  Hunger
 Blink                    Tloc           N/A          30%         2    ##.....
 Call Imp                 Summ           2 (100)      30%         2    ##.....
 Slow                     Hex            2 (100)      30%         2    ##.....
 Conjure Flame            Fire           2 (100)      52%         3    ###....
 Mephitic Cloud           Pois/Air       2 (100)      52%         3    ###....


Dungeon Overview and Level Annotations

Branches:
Dungeon (2/8)


Innate Abilities, Weirdness & Mutations

You cannot fit into any form of body armour.
Your plain brown scales are hard. (AC +6)
You can breathe rudimentary magical darts.
You have an increased reservoir of magic. (+10% MP)
You are cold-blooded and may be slowed by cold attacks.


Message History

You kill the ooze!
You enter the shallow water.
Moving in this stuff is going to be slow.
You feel yourself speed up.
You enter the shallow water.
Moving in this stuff is going to be slow.
You open the large door. Something hits you (8)!
Deactivating autopickup; reactivate with Ctrl-A.
Something hits you but does no damage. Something hits you but does no damage.
Something hits you but does no damage. Something hits you but does no damage.
Something hits you but does no damage. Something hits you but does no damage.
Something hits you (4). Something hits you (12)! Something hits you (6).
* * * LOW HITPOINT WARNING * * *
Something hits you (10)!
You die...

#≈.≈.≈##≈≈≈P #
##..≈### ≈
#≈P######....#
#P..≈..≈.#..## #
###≈#..##≈...# #
#≈.≈.≈###.≈u##
###≈.≈.≈≈###.##≈..#
.≈#≈..#####.≈###.≈#
..##.##.#≈..≈≈.†@##.#
...###≈≈..<##≈..≈..≈#
...≈≈≈...≈..#≈....≈≈#
#####################


You could see a cyan ugly thing.

Vanquished Creatures
  An adder (D:2)
  A cinder newt (D:1)
  3 oozes
  A dart slug (D:1)
  6 bats (D:1)
  A giant cockroach (D:1)
  3 hobgoblins (D:1)
  A ball python (D:1)
  6 goblins (D:1)
  6 kobolds (D:1)
  6 rats (D:1)
35 creatures vanquished.

Notes
Turn   | Place    | Note
-------+----------+-------------------------------------------
     0 | D:1      | Lanoc the Immature Draconian Demigod began the quest for
                  | the Orb.
     0 | D:1      | Reached XP level 1. HP: 20/20 MP: 4/4
   138 | D:1      | Reached XP level 2. HP: 27/28 MP: 6/6
   299 | D:1      | Reached XP level 3. HP: 21/34 MP: 7/7
   556 | D:2      | Found a large runed translucent door.
   557 | D:2      | Found a large runed translucent door.
   559 | D:2      | Noticed a cyan ugly thing
   601 | D:2      | Slain by an unseen horror

Levels and vault maps discovered:
D:1:      roderic_chinese_lattice_arrival, layout_basic, first_ration
D:2:      layout_sewer, basic_altar, minmay_hollow_rounded_squares

Skill      XL: |  1  2  3 |
---------------+----------+-----
Fighting       | 3 |  3.8
Dodging        | 3 |  3.2
Long Blades    | |  1.5
Stealth        | |  1.3
Spellcasting   | |  2.6

Action                   || total
-------------------------++-------
Melee: Long sword        ||    35
       Unarmed           ||    19
       Tailslap          ||     5
 Fire: Hunting sling     ||    49
 Stab: Sleeping          ||     1
Armor: Skin              ||    21
Dodge: Dodged            ||    58
       Rpst.: Unarmed    ||     5
       Long sword        ||     9
